Map: Redshift LE

Players

StuntexBot - Winner!

  • Race: Terran Terran
  • Spawn Location: 7:00

Test

  • Race: Terran Terran
  • Spawn Location: 11:00

VOD

Have the link to the VOD?

Description

Time

  • Played on: May 15, 2018, 3:49 p.m.
  • Length: 11:10
Show
View Real Time Build Order
Export as new Build Order

StuntexBot Terran - Winner!

Build Orders:  

Get SALT Encoding   

  12  0:01  SCV  
  13  0:19  Supply Depot  
  13  0:21  SCV  
  14  0:33  SCV  
  15  0:45  Barracks  
  15  0:47  SCV  
  16  0:59  SCV  
  16  1:02  Barracks  
  17  1:14  SCV  
  17  1:16  Refinery  
  18  1:26  SCV  
  19  1:35  Supply Depot  
  19  1:38  Marine, SCV  
  21  1:50  Marine  
  22  1:55  Marine  
  22  1:58  Barracks  
  23  2:02  SCV  
  23  2:05  Supply Depot  
  24  2:11  Marine  
  24  2:13  Marine  
  24  2:14  SCV  
  27  2:29  Engineering Bay  
  27  2:32  Barracks Tech Lab  
  27  2:47  Supply Depot  
  27  3:00  Supply Depot  
  27  3:02  Barracks Reactor  
  27  3:18  Barracks Tech Lab  
  27  3:26  Factory  
  27  3:28  Marine x2  
  27  3:33  Supply Depot  
  29  3:34  Orbital Command  
  29  3:45  Marine  
  29  3:46  Marine x2, Stimpack  
  32  4:01  SCV  
  33  4:03  Marine x2  
  33  4:04  Marine  
  33  4:07  Refinery  
  36  4:12  Factory Tech Lab  
  36  4:13  SCV  
  37  4:21  Marine x3  
  40  4:25  SCV  
  41  4:37  SCV  
  42  4:39  Marine x2  
  42  4:40  Marauder  
  42  4:44  Missile Turret  
  46  4:50  SCV  
  47  4:57  Marine, Supply Depot  
  47  4:58  Marauder  
  50  5:00  Marine  
  50  5:02  SCV  
  50  5:04  Starport  
  52  5:14  SCV, Marine  
  52  5:18  Marine x2  
  48  5:29  Siege Tank  
  48  5:32  Marine  
  52  5:36  Marine x2  
  54  5:48  Supply Depot  
  54  5:50  Marine, Medivac  
  54  5:54  Marine x2  
  59  6:01  Widow Mine  
  52  6:08  Marine  
  51  6:12  Marine x2  
  46  6:26  Marine  
  46  6:29  Marine  
  46  6:30  Marine  
  49  6:38  Command Center  
  49  6:43  Marine  
  50  6:47  Marine x2, Barracks  
  50  6:51  Terran Infantry Weapons Level 1  
  52  6:57  Engineering Bay  
  51  7:18  Siege Tank  
  54  7:23  Barracks Reactor  
  54  7:24  Marine x2  
  56  7:42  Marine, Marauder  
  55  7:55  Siege Tank  
  55  7:56  Medivac  
  60  8:00  Marauder  
  60  8:01  Missile Turret  
  60  8:02  SCV  
  60  8:03  Marine  
  64  8:09  SCV  
  65  8:14  Marine x2, SCV  
  68  8:21  Marine x2  
  70  8:31  Marine x2  
  72  8:39  Marine, Barracks Reactor  
  73  8:43  Terran Infantry Armor Level 1  
  73  8:46  SCV  
  73  8:48  Orbital Command  
  74  8:51  Missile Turret  
  74  8:55  Marine x2  
  74  8:57  Medivac  
  78  9:27  Supply Depot  
  78  9:43  Supply Depot  
  78  9:48  Marine x4  
  78  9:49  SCV, Siege Tank  
  86  9:53  Supply Depot  
  86  10:05  SCV, Supply Depot, Medivac  
  86  10:06  Marine x3  
  94  10:07  Marauder  
  94  10:17  SCV  
  94  10:21  Siege Tank  
  98  10:24  Marine x2  
  98  10:25  Marauder  
  98  10:28  Marine  
  103  10:35  Medivac  
  105  10:42  Marine x2  
  107  10:45  Marine x2  
Show
View Real Time Build Order
Export as new Build Order

Test Terran 

Build Orders:  

Get SALT Encoding   

  12  0:00  SCV  
  13  0:12  SCV  
  14  0:23  Supply Depot  
  14  0:26  SCV  
  15  0:31  Refinery  
  15  0:44  SCV  
  15  0:48  Barracks  
  16  1:11  SCV  
  17  1:26  Barracks  
  17  1:28  Barracks  
  17  1:35  Marine, Orbital Command  
  18  1:53  Marine  
  19  2:00  Engineering Bay  
  19  2:15  Marine  
  20  2:16  Marine  
  20  2:21  Barracks Reactor  
  21  2:32  Supply Depot  
  21  2:33  Marine x2  
  23  2:53  Marine  
  23  2:54  SCV, Barracks Reactor  
  25  2:59  Marine x2  
  27  3:07  Supply Depot  
  27  3:11  Marine  
  28  3:16  Marine  
  28  3:17  Marine  
  28  3:19  Terran Infantry Weapons Level 1  
  31  3:34  Marine x3  
  31  3:38  Marine  
  35  3:46  Supply Depot  
  35  3:47  Barracks Reactor  
  34  3:52  Marine x3  
  34  3:53  Supply Depot  
  37  3:56  Marine  
  38  4:10  Marine x3  
  38  4:14  Marine  
  42  4:25  Marine  
  42  4:28  Marine x3  
  42  4:29  Marine  
  47  4:32  Marine  
  47  4:37  Supply Depot  
  48  4:43  Marine  
  49  4:46  Marine x3  
  49  4:49  Supply Depot  
  52  4:54  Marine  
  53  5:01  Marine x2  
  53  5:04  Marine  
  56  5:15  Marine x2  
  44  5:35  Marine x3, Barracks  
  47  5:43  Marine x2  
  49  5:55  Terran Infantry Armor Level 1  
  46  6:11  Marine x4  
  46  6:12  Marine x2  
  51  6:29  Marine x2  
  53  6:34  Barracks Tech Lab  
  53  6:39  Marine x3  
  55  6:41  Barracks  
  51  7:08  Stimpack  
  51  7:15  Factory  
  51  7:30  Refinery  
  51  7:36  Missile Turret  
  46  7:53  Marine x5  
  46  7:54  Marine x3  
  54  8:01  Factory  
  54  8:05  Factory Tech Lab  
  54  8:06  Factory Reactor  
  54  8:10  Marine  
  54  8:11  Marine x2  
  54  8:12  Starport  
  57  8:33  Marine x2, Starport  
  59  8:35  Barracks Tech Lab  
  59  8:45  Factory Tech Lab  
  59  8:49  Medivac  
  61  9:03  Marine  
  62  9:23  Command Center  
  62  9:33  Missile Turret  
  62  9:35  Medivac  
  64  9:45  SCV  
  65  9:52  Medivac  
  67  9:57  SCV  
  68  10:05  Missile Turret  
  68  10:11  Medivac  
  70  10:17  Supply Depot  
  70  10:30  Refinery  
  70  10:34  Siege Tank  
  73  10:37  SCV x2  
  53  10:49  SCV  
Tags
 
Add a new tag
Caveats
  • Supply blocks, unpowered buildings, or Contaminate may cause inaccurate times.
  • Supply counts are checked every 10 seconds.